 Dungeon Crawl Stone Soup version 0.30-a0-643-g638baaf3f0 (webtiles) character file.

Game seed: 8211129221176613332

388 Citaku the Covered (level 6, -1/55 HPs)
             Began as a Minotaur Fighter on Jan 16, 2023.
             Slain by Sigmund
             ... wielding a +0 scythe
              (3 damage)
             ... on level 4 of the Dungeon.
             The game lasted 00:04:09 (3351 turns).

Citaku the Covered (Minotaur Fighter)               Turns: 3351, Time: 00:04:09

Health: -1/55      AC:  7    Str: 23    XL:     6   Next: 49%
Magic:  5/5        EV:  9    Int:  5    God:
Gold:   150        SH:  4    Dex:  9    Spells: 5/5 levels left

rFire   . . .      SeeInvis .    a - +0 war axe
rCold   . . .      Faith    .    c - +0 buckler
rNeg    . . .      Spirit   .    b - +0 scale mail
rPois   .          Reflect  .    (helmet restricted)
rElec   .          Harm     .    (no cloak)
rCorr   .          Rampage  .    (no gloves)
Will    +....                    (no boots) Stlth
                                 (no amulet)
HPRegen 0.29/turn                g - ring of willpower
MPRegen 0.09/turn                (no ring)

@: lethally poisoned (-1 -> -24)
A: horns 2, retaliatory headbutt
a: no special abilities


You were on level 4 of the Dungeon.
You visited 1 branch of the dungeon, and saw 4 of its levels.

You collected 150 gold pieces.

Inventory:

Hand Weapons
 a - a +0 war axe (weapon)
Armour
 b - a +0 scale mail (worn)
 c - a +0 buckler (worn)
Jewellery
 g - a ring of willpower (left hand)
Scrolls
 d - a scroll of enchant weapon {unknown}
 e - a scroll of teleportation {unknown}
 h - 2 scrolls of vulnerability {unknown}
 i - 2 scrolls of amnesia {unknown}
 j - a scroll of fog {unknown}
 l - 2 scrolls of poison {unknown}
 n - 3 scrolls of identify {unknown}
 o - a scroll of fear {unknown}
 q - 2 scrolls of enchant armour {unknown}
Potions
 f - 3 potions of attraction {unknown}
 k - 2 potions of berserk rage {unknown}
 m - a potion of magic {unknown}
 p - a potion of lignification {unknown}


   Skills:
 + Level 4.8 Fighting
 * Level 5.2 Axes
 * Level 6.0 Armour
 + Level 4.8 Shields


You had 5 spell levels left.
You didn't know any spells.
Your spell library contained the following spells:

 Spells                   Type           Power      Damage    Failure   Level
 Summon Small Mammal      Summ           0%         N/A       86%         1
 Call Canine Familiar     Summ           0%         N/A       99%         3
 Summon Guardian Golem    Hex/Summ       0%         N/A       99%         3


Dungeon Overview and Level Annotations

Branches:
Dungeon (4/15)
 Temple: D:4-7

Altars:
Ashenzari
Dithmenos
Nemelex Xobeh
Vehumet
Xom

Shops:
D:1 (

Annotations:
D:4 Edmund, Sigmund


Innate Abilities, Weirdness & Mutations

You have a pair of horns on your head.
You reflexively headbutt those who attack you in melee.


Message History

No target in view!
Things that are here:
a +0 dagger; 3 stones
d - a scroll labelled ZEJEZEC VINLA
Things that are here:
a +0 mace; an orc corpse Sigmund the Dreaded comes into view.
He is wielding a +0 scythe.
Found a flail.
Sigmund shouts!
You hear a shout!
Sigmund is nearby!
Edmund the Younger comes into view.
He is wielding a +4 flail of venom.
Edmund shouts!
Okay, then.
Okay, then.
You hit Edmund.
Edmund is lightly wounded.
Edmund hits you with a +4 flail of venom.
You are poisoned.
You barely miss Edmund.
Edmund is lightly wounded.
You feel very sick.
Sigmund screams, "I am the angel of ZOT!!!"
Sigmund hits you from afar with a +0 scythe!
Edmund hits you with a +4 flail of venom!
You are more poisoned.
You hit Edmund. You headbutt Edmund!
Edmund is moderately wounded.
You feel extremely sick.
Edmund hits you with a +4 flail of venom!
You block Sigmund's attack.
Edmund hits you with a +4 flail of venom.
* * * LOW HITPOINT WARNING * * *
You are more poisoned.
You barely miss Edmund.
Edmund is moderately wounded.
* * * LOW HITPOINT WARNING * * *
You feel extremely sick.
Sigmund flickers, as though insubstantial.
Sigmund hits you from afar with a +0 scythe.
You die...

##.###..........#
#...........###.#
######......###.#
#...............###
###.##............##
#....###......##...
#.............##...
#..####.P.....##...
##@#..#..P....###..
#@#..#####.#.# #..
#@#.. #.#.# #..
#.#.## #...# #..
#.#@.## #...#####
#.#..)# #.......#
#.#..##..#........
#.#......#........
#...@.#..#........


You could see Edmund and Sigmund.

Vanquished Creatures
  2 black bears
  A scorpion (D:4)
  An orc wizard (D:3)
  4 adders
  2 worms (D:2)
  A dart slug (D:2)
  6 orcs
  5 ball pythons
  9 endoplasms
  2 giant cockroaches
  5 goblins
  7 hobgoblins
  3 jackals (D:1)
  A quokka (D:3)
  4 bats
  4 frilled lizards
  8 kobolds
  5 rats
70 creatures vanquished.

Vanquished Creatures (others)
  A plant (D:4)
1 creature vanquished.

Grand Total: 71 creatures vanquished

Notes
Turn   | Place    | Note
-------+----------+-------------------------------------------
     0 | D:1      | Citaku the Minotaur Fighter began the quest for the Orb.
     0 | D:1      | Reached XP level 1. HP: 19/19 MP: 0/0
    35 | D:1      | Found Yssaaxuu's Antique Weapon Shoppe.
   287 | D:1      | Reached XP level 2. HP: 27/27 MP: 1/1
   409 | D:1      | Reached skill level 4 in Armour
   734 | D:2      | Reached XP level 3. HP: 32/33 MP: 2/2
  1528 | D:3      | Reached XP level 4. HP: 13/40 MP: 3/3
  1631 | D:3      | Noticed a black bear
  1639 | D:3      | Killed a black bear
  1640 | D:3      | Reached skill level 5 in Armour
  1640 | D:3      | Reached XP level 5. HP: 5/47 MP: 4/4
  1816 | D:3      | Found a sparkling altar of Nemelex Xobeh.
  2137 | D:3      | Found a shimmering altar of Xom.
  2140 | D:3      | Found a broken altar of Ashenzari.
  2140 | D:3      | Found a shadowy altar of Dithmenos.
  2865 | D:4      | Noticed a black bear
  2876 | D:4      | Killed a black bear
  2877 | D:4      | Reached XP level 6. HP: 6/53 MP: 5/5
  3073 | D:4      | Reached skill level 5 in Axes
  3073 | D:4      | Reached skill level 6 in Armour
  3087 | D:4      | Found a radiant altar of Vehumet.
  3335 | D:4      | Noticed Sigmund
  3336 | D:4      | Noticed Edmund
  3351 | D:4      | HP: 2/55 [poisoned by Edmund]
  3351 | D:4      | Slain by Sigmund

Illustrated notes

Levels and vault maps discovered:
D:1:      dpeg_arrival_solitude, layout_loops_ring, serial_shops,
          nicolae_shop_crystal, minmay_misc_feat_doors
D:2:      layout_loops_corners
D:3:      layout_basic, nemelex_xobeh_ov_fountains_minmay,
          grunt_temple_overflow_open
D:4:      nicolae_BIG_FREAKIN_CUBE, layout_basic,
          mainiacjoe_overflow_tiny_flanked, mainiacjoe_overflow_boulevard,
          sigmund_edmund_badplayer

Skill      XL: |  1  2  3  4  5  6 |
---------------+-------------------+-----
Armour         | 4 5 6 |  6.0
Axes           | 3 4 5 |  5.2
Fighting       | 4 |  4.8
Shields        | 4 |  4.8

Action                   |  1- 3 |  4- 6 || total
-------------------------+-------+-------++-------
Melee: War axe           |    77 |    84 ||   161
       Headbutt          |    10 |    11 ||    21
  Use: Potion            |       |     1 ||     1
Armor: Scale mail        |    32 |    49 ||    81
Dodge: Dodged            |    39 |    45 ||    84
Block: Buckler           |    20 |    12 ||    32

Table legend: (Time is in decaauts)
 A = Elapsed time spent in this place.
 B = Non-inter-level travel time spent in this place.
 C = Inter-level travel time spent in this place.
 D = Time resting spent in this place.
 E = Time spent auto-exploring this place.
 F = Levels seen in this place.
 G = Mean time per level.
                   A        B        C        D        E       F      G
               +--------+--------+--------+--------+--------+-----+--------+
         Total |   3406 |   3354 |     52 |    153 |   2729 |   4 |  851.5 |
       Dungeon |   3406 |   3354 |     52 |    153 |   2729 |   4 |  851.5 |
               +--------+--------+--------+--------+--------+-----+--------+

Top non-repeatable levels by time:
     D:3: 1162 daAuts
     D:2: 866 daAuts
     D:4: 704 daAuts
     D:1: 672 daAuts
